cohdb
Replays
Latest Replays
All Replays
Popular Replays
Top Player Replays
Match Explorer
How It Works
Community
CoH3 Stats
Reddit
Sign in to upload your games and track your stats! →
Sign in with Steam
Match 40964153
Unlisted
Match 40964153
Overview
Messages
Build Orders
End
Construct Barracks
Selects Heavy Weapons
Riflemen Squad
Riflemen Squad
Construct Weapon Support Center
M1919 Machine Gun Team
Grenade Package
Riflemen Squad
Selects M2HB .50cal Heavy Machine Gun
Infantry Support Center
M3 Armored Personnel Carrier
Selects Assault Carriers
Construct Medical Station
M1918 Browning Automatic Rifles
Riflemen Squad
Munitions Surplus
Demolitions Package
PlammX
Mad
IronPixie
TEA OR STH STRONGER
Luckyman55
Ares
JIANHU
TIAmoRoselia.
0
0
Comments
sign in to comment!
No comments posted yet!